 Dungeon Crawl Stone Soup version 0.28.0-47-ge53b351184 (webtiles) character file.

Game seed: 3599565618107002910

652 Atherized the Slasher (level 7, -3/61 HPs)
             Began as a Minotaur Berserker on Apr 26, 2022.
             Was a Priest of Trog.
             Slain by a gnoll
             ... wielding a +0 halberd
              (8 damage)
             ... on level 4 of the Dungeon.
             The game lasted 00:12:08 (4025 turns).

Atherized the Slasher (Minotaur Berserker)          Turns: 4025, Time: 00:12:09

Health: -3/61      AC:  7    Str: 24    XL:     7   Next: 28%
Magic:  6/6        EV: 12    Int:  4    God:    Trog [***...]
Gold:   99         SH:  0    Dex:  9    Spells: 6/6 levels left

rFire   . . .      SeeInvis +   a - +0 falchion
rCold   . . .      Faith    .   (no shield)
rNeg    . . .      Spirit   .   g - +0 ring mail
rPois   .          Reflect  .   (helmet restricted)
rElec   .          Harm     .   (no cloak)
rCorr   .          Rampage  .   (no gloves)
Will    +....                   t - +0 pair of boots
Stlth   +.........              (no amulet)
HPRegen 0.20/turn               o - ring of willpower
MPRegen 0.10/turn               i - ring of see invisible

@: lit by a corona, about to teleport, on berserk cooldown, slowed, glowing,
very slow
A: horns 2, retaliatory headbutt
a: Renounce Religion, Berserk, Trog's Hand


You were on level 4 of the Dungeon.
You worshipped Trog.
Trog was most pleased with you.
You visited 1 branch of the dungeon, and saw 4 of its levels.

You collected 99 gold pieces.

Inventory:

Hand Weapons
 a - a +0 falchion (weapon)
Armour
 b - a +0 animal skin
 g - a +0 ring mail (worn)
 p - an orb of light
 t - a +0 pair of boots (worn)
Jewellery
 i - a ring of see invisible (right hand)
 o - a ring of willpower (left hand)
Wands
 n - a wand of flame (56)
Scrolls
 c - a scroll of teleportation
 d - a scroll of fear {unknown}
 f - a scroll of enchant weapon {unknown}
 h - a scroll of vulnerability
 j - a scroll of fog
 l - a scroll of enchant armour {unknown}
 m - a scroll of amnesia
 r - a scroll of noise {unknown}
Potions
 e - 2 potions of brilliance
 k - a potion of attraction {unknown}
 q - a potion of curing {unknown}
 s - a potion of resistance {unknown}


   Skills:
 + Level 5.5 Fighting
 + Level 7.0 Long Blades
 + Level 4.9 Armour
 + Level 4.0 Dodging
 + Level 0.7 Stealth


You had 6 spell levels left.
You didn't know any spells.
Your spell library was empty.

Dungeon Overview and Level Annotations

Branches:
Dungeon (4/15)
 Temple: D:4-7

Altars:
Sif Muna


Innate Abilities, Weirdness & Mutations

You have a pair of horns on your head.
You reflexively headbutt those who attack you in melee.


Message History

Found an escape hatch in the ceiling.
You feel your anger nearly subside.
You are no longer berserk.
You are exhausted.
You feel yourself slow down.
The gnoll shaman shouts!
The gnoll closely misses you. You furiously retaliate!
You headbutt the gnoll. You slash the gnoll!
You kill the gnoll!
Trog accepts your kill.
A gnoll comes into view. It is wielding a +0 halberd.
Your Dodging skill increases to level 4!
A gnoll comes into view. It is wielding a +0 halberd.
The gnoll shouts! x2
The gnoll shaman hits you with a +0 club.
You closely miss the gnoll shaman. You headbutt the gnoll shaman.
The gnoll shaman is lightly wounded.
The gnoll shaman hits you with a +0 club!
The gnoll hits you from afar with a +0 halberd.
The gnoll shaman hits you but does no damage.
The gnoll misses you.
You slash the gnoll shaman! Your headbutt misses the gnoll shaman.
The gnoll shaman is heavily wounded.
The gnoll hits you from afar with a +0 halberd.
The gnoll shaman hits you with a +0 club.
The gnoll barely misses you. The gnoll hits you but does no damage.
You slash the gnoll shaman!
The gnoll shaman is almost dead.
The gnoll shaman hits you but does no damage.
The gnoll hits you but does no damage.
The gnoll hits you from afar with a +0 halberd.
The gnoll shaman mumbles some strange prayers to its god against you.
You are outlined in light.
As you read the scroll of teleportation, it crumbles to dust.
You feel strangely unstable.
The gnoll hits you from afar with a +0 halberd! x2
* * * LOW HITPOINT WARNING * * *
The gnoll shaman hits you with a +0 club!
* * * LOW HITPOINT WARNING * * *
The gnoll hits you from afar with a +0 halberd!
You die...

#####
###>...############
.............g.....
.............g.....
...........@g...<..
...####†.).........
#.<....<.....
#............
#............
########..... .....
.....


You could see a gnoll shaman and 2 gnolls.

Vanquished Creatures
  Sigmund (D:3)
  Pargi (D:4)
  A necrophage (D:3)
  A water moccasin zombie (D:3)
  Terence (D:2)
  Natasha (thrice) (D:3)
  Robin (D:3)
  A gnoll (D:4)
  3 adders
  A worm (D:3)
  16 dart slugs
  3 orcs (D:3)
  A ball python (D:3)
  5 endoplasms
  2 giant cockroaches
  13 goblins
  9 hobgoblins
  2 quokkas (D:1)
  4 bats
  2 frilled lizards
  6 kobolds
  5 rats
82 creatures vanquished.

Vanquished Creatures (others)
  A plant (D:1)
1 creature vanquished.

Grand Total: 83 creatures vanquished

Notes
Turn   | Place    | Note
-------+----------+-------------------------------------------
     0 | D:1      | Atherized the Minotaur Berserker began the quest for the
                  | Orb.
     0 | D:1      | Reached XP level 1. HP: 19/19 MP: 0/0
   321 | D:1      | Reached skill level 4 in Long Blades
   321 | D:1      | Reached XP level 2. HP: 24/27 MP: 1/1
   701 | D:1      | Found a faded altar of an unknown god.
  1097 | D:1      | Reached ** piety under Trog
  1248 | D:1      | Reached XP level 3. HP: 26/33 MP: 2/2
  1465 | D:1      | Found a shimmering blue altar of Sif Muna.
  1554 | D:2      | Noticed Terence
  1566 | D:2      | Killed Terence
  1823 | D:2      | Reached XP level 4. HP: 41/41 MP: 3/3
  2562 | D:3      | Reached skill level 5 in Long Blades
  2562 | D:3      | Noticed Robin
  2742 | D:3      | Noticed Natasha
  2775 | D:3      | Killed Natasha
  2776 | D:3      | Reached XP level 5. HP: 8/47 MP: 4/4
  2952 | D:3      | Killed Robin
  2956 | D:3      | Reached skill level 5 in Fighting
  3122 | D:3      | Noticed a necrophage
  3131 | D:3      | Killed a necrophage
  3131 | D:3      | Noticed Natasha
  3143 | D:3      | Killed Natasha
  3144 | D:3      | Reached XP level 6. HP: 30/56 MP: 5/5
  3194 | D:3      | Noticed Natasha
  3203 | D:3      | Killed Natasha
  3204 | D:3      | Reached skill level 6 in Long Blades
  3465 | D:3      | Noticed Sigmund
  3474 | D:3      | Killed Sigmund
  3739 | D:3      | Reached XP level 7. HP: 32/61 MP: 6/6
  3765 | D:3      | Reached *** piety under Trog
  4008 | D:4      | Noticed Pargi
  4014 | D:4      | Killed Pargi
  4015 | D:4      | Reached skill level 7 in Long Blades
  4025 | D:4      | Slain by a gnoll

Illustrated notes

Levels and vault maps discovered:
D:1:      dpeg_arrival_water_altar, layout_loops_corners,
          shapermc_ecumenical_altar_mp_ritualfount, grunt_decor_resistance
D:2:      layout_loops_cross, uniq_terence
D:3:      kennysheep_slugbush, layout_basic, minmay_puff, uniq_robin,
          uniq_sigmund, uniq_natasha
D:4:      lemuel_castle_with_subvaults [lemuel_castle_interior_carwin_1],
          layout_gridville, grunt_temple_overflow_holy_war,
          nicolae_overflow_hallway_of_the_gods, chequers_serial_rivers_micro_e,
          uniq_eustachio, uniq_pargi, uniq_duvessa

Skill      XL: |  1  2  3  4  5  6  7 |
---------------+----------------------+-----
Long Blades    | 4 5 6 7 |  7.0
Fighting       | 4 5 |  5.5
Armour         | 3 4 |  4.9
Dodging        | 3 4 |  4.0
Stealth        | |  0.7

Action                   |  1- 3 |  4- 6 |  7- 9 || total
-------------------------+-------+-------+-------++-------
Melee: Falchion          |    59 |   126 |    15 ||   200
       Headbutt          |    15 |    30 |     1 ||    46
       Punch             |     3 |       |       ||     3
Invok: Berserk           |       |     5 |     1 ||     6
       Trog's Hand       |       |     1 |       ||     1
  Use: Scroll            |       |     7 |     2 ||     9
 Stab: Sleeping          |     1 |       |       ||     1
Armor: Animal skin       |     7 |       |       ||     7
       Ring mail         |     3 |    52 |    12 ||    67
Dodge: Dodged            |    44 |    80 |    13 ||   137
